 Dungeon Crawl Stone Soup version 0.21-b1-23-g1fb0a74 (webtiles) character file.

3049 Hubbles the Shooter (level 9, -4/63 HPs)
             Began as an Octopode Wanderer on Jan 6, 2018.
             Was a Believer of Vehumet.
             Slain by a bullfrog (6 damage)
             ... on level 7 of the Dungeon.
             The game lasted 00:19:14 (7937 turns).

Hubbles the Shooter (Octopode Wanderer)             Turns: 7937, Time: 00:19:14

Health: -4/63      AC:  1    Str: 13    XL:     9   Next: 87%
Magic:  13/17      EV: 16    Int: 17    God:    Vehumet [**....]
Gold:   317        SH:  0    Dex: 14    Spells: 12/19 levels left

rFire    . . .     SeeInvis .   b - +4 whip (flame)
rCold    + . .     Gourm    .   (no shield)
rNeg     . . .     Faith    .   (helmet restricted)
rPois    .         Spirit   .   (no amulet)
rElec    .         Reflect  .   n - +2 ring of intelligence
rCorr    .         Harm     .   (no ring)
MR       .....                  (no ring)
Stlth    ++++......             (no ring)
HPRegen  0.20/turn              (no ring)
MPRegen  0.15/turn              (no ring)
                                (no ring)
                                (no ring)

@: about to teleport
A: almost no armour, stealthy swim, amphibious, 8 rings, constrict 8, camouflage
1, cold resistance 1, strong 1, gelatinous body 1
a: Renounce Religion


You were on level 7 of the Dungeon.
You worshipped Vehumet.
Vehumet was pleased with you.
You were near starving.

You visited 1 branch of the dungeon, and saw 7 of its levels.

You collected 317 gold pieces.

Inventory:

Hand Weapons
 a - a +2 shortbow
 b - a +4 whip of flaming (weapon)
Missiles
 l - 2 javelins (quivered)
 m - 37 arrows
 r - 20 stones
Jewellery
 n - a +2 ring of intelligence (left tentacle)
Wands
 c - a wand of acid (8)
 e - a wand of disintegration (7)
 s - a wand of enslavement (9)
Scrolls
 i - a scroll of immolation
 k - 2 scrolls of identify
 o - 5 scrolls of remove curse
 p - a scroll of magic mapping
Potions
 h - 4 potions of flight
 j - a potion of brilliance
 q - a potion of agility
 u - a potion of magic
Books
 g - a book of the Warp

   Spells                             Type                      Level
   a - Gell's Gravitas                Translocation                3
   b - Portal Projectile              Hexes/Translocation          3
   c - Force Lance                    Conjuration/Translocation    4
   d - Dispersal                      Translocation                6
   e - Controlled Blink               Translocation                8
   f - Disjunction                    Translocation                8
 v - a book of Callings

   Spells                             Type                      Level
   a - Summon Small Mammal            Summoning                    1
   b - Call Imp                       Summoning                    2
   c - Call Canine Familiar           Summoning                    3
   d - Summon Guardian Golem          Hexes/Summoning              3
   e - Summon Lightning Spire         Summoning/Air                4
   f - Summon Ice Beast               Ice/Summoning                4
Comestibles
 f - 7 rations


   Skills:
 - Level 6.3 Fighting
 - Level 1.0 Maces & Flails
 - Level 7.5 Bows
 - Level 5.5 Dodging
 - Level 4.4 Stealth
 + Level 5.5 Spellcasting
 * Level 4.2 Translocations
   Level 2.4 Earth Magic
 - Level 1.1 Evocations


You had 12 spell levels left.
You knew the following spells:

 Your Spells              Type           Power        Failure   Level  Hunger
a - Sting                 Conj/Pois      #...         14%         1    None
b - Portal Projectile     Hex/Tloc       ##....       17%         3    ##.....
c - Gell's Gravitas       Tloc           ###.......   7%          3    ##.....


Dungeon Overview and Level Annotations

Branches:
Dungeon (7/15)             Temple (0/1) D:5

Altars:
Dithmenos
Fedhas
Makhleb
Nemelex Xobeh
Ru
Vehumet
Xom


Innate Abilities, Weirdness & Mutations

You cannot wear most types of armour.
You are very stealthy in the water. (Stealth+)
You are amphibious.
You can wear up to eight rings at the same time.
You can use your tentacles to constrict eight enemies at once.
Your skin changes colour to match your surroundings (Stealth+).
Your rubbery body absorbs attacks. (AC +1, EV +1)
Your flesh is cold resistant. (rC+)
Your muscles are strong. (Str +2)


Message History

Vehumet accepts your kill.
Vehumet offers you knowledge of Dazzling Spray.
You closely miss the bullfrog. Your grab misses the bullfrog.
The bullfrog is lightly wounded.
The bullfrog misses you. The bullfrog hits you.
* * * LOW HITPOINT WARNING * * *
You barely miss the bullfrog. Your grab misses the bullfrog.
The bullfrog is lightly wounded.
You are no longer teleporting projectiles to their destination.
The bullfrog barely misses you. The bullfrog hits you!
* * * LOW HITPOINT WARNING * * *
You barely miss the bullfrog. Your grab misses the bullfrog.
The bullfrog is lightly wounded.
The bullfrog misses you.
The phantom blinks!
Okay, then.
As you read the scroll of teleportation, it crumbles to dust.
You feel strangely unstable. The bullfrog hits you!
* * * LOW HITPOINT WARNING * * *
The bullfrog hits you.
You die...

### #<# #.# #.# #.#
#.# #######.###
(.........+
#######@### #F# #.
#5# #. #W# #.######
#.(.((..# ......
$..(.((...# ###....#
###..((.$.+
W......#####.!.....#
...W.........(....##


You could see a phantom, a bullfrog and a shadow imp.

Vanquished Creatures
  Prince Ribbit (D:5)
  Eustachio (D:4)
  2 hungry ghosts
  Edmund (D:4)
  Menkaure (D:4)
  An orc warrior (D:6)
  A sky beast (D:5)
  An ice beast (D:5)
  4 phantoms
  2 ogres (D:5)
  3 bullfrogs
  A scorpion (D:4)
  The ghost of Glaeka the Slasher, a weakling HOMo (D:4)
  4 wights (D:6)
  3 howler monkeys
  2 crimson imps (D:6)
  2 jellies (D:6)
  5 orc priests
  6 orc wizards
  A bullfrog skeleton (D:6)
  An iguana (D:4)
  5 worker ants
  A hound zombie (D:5)
  Robin (D:3)
  A howler monkey skeleton (D:4)
  9 adders
  2 oozes (D:1)
  An adder zombie (D:7)
  2 worms
  2 leopard geckos
  20 orcs
  3 ball pythons
  9 bats
  11 giant cockroaches
  13 goblins
  18 hobgoblins
  8 jackals
  4 quokkas
  9 frilled lizards
  A giant cockroach zombie (D:6)
  12 kobolds
  A leopard gecko skeleton (D:6)
  3 rats (D:2)
180 creatures vanquished.

Notes
Turn   | Place    | Note
-------+----------+-------------------------------------------
     0 | D:1      | Hubbles the Octopode Wanderer began the quest for the Orb.
     0 | D:1      | Hubbles set off with: a +2 shortbow, 28 arrows, a +0 hand axe, a +0 mace, a ration
     0 | D:1      | Reached XP level 1. HP: 16/16 MP: 1/1
   195 | D:1      | Reached skill level 1 in Dodging
   195 | D:1      | Reached XP level 2. HP: 21/21 MP: 2/2
   387 | D:1      | Reached XP level 3. HP: 24/26 MP: 3/3
   803 | D:2      | Reached XP level 4. HP: 31/31 MP: 4/4
  1135 | D:2      | Found a sparkling altar of Nemelex Xobeh.
  1280 | D:2      | Found a sacrificial altar of Ru.
  1436 | D:3      | Noticed Robin
  1941 | D:3      | Reached XP level 5. HP: 34/36 MP: 5/5
  1949 | D:3      | Reached skill level 5 in Bows
  2020 | D:3      | Killed Robin
  2243 | D:3      | Found a radiant altar of Vehumet.
  2259 | D:3      | Became a worshipper of Vehumet
  2747 | D:4      | Noticed a phantom
  2747 | D:4      | Reached XP level 6. HP: 20/42 MP: 5/7
  2753 | D:3      | HP: 2/42 [orc/hand axe (4)]
  3040 | D:4      | Noticed Glaeka's ghost (weakling HOMo)
  3082 | D:3      | Killed a phantom
  3082 | D:3      | Reached skill level 1 in Spellcasting
  3137 | D:4      | Noticed Edmund
  3148 | D:4      | Killed Edmund
  3330 | D:4      | Reached XP level 7. HP: 48/48 MP: 9/9
  3409 | D:4      | Found a blossoming altar of Fedhas.
  3476 | D:4      | Noticed Eustachio
  3500 | D:4      | Killed Eustachio
  3506 | D:4      | Reached skill level 6 in Bows
  3693 | D:4      | Noticed Menkaure
  3702 | D:4      | Killed Menkaure
  3951 | D:4      | Reached * piety under Vehumet
  3951 | D:4      | Offered knowledge of Sandblast by Vehumet.
  3951 | D:4      | Reached XP level 8. HP: 39/54 MP: 12/12
  3954 | D:4      | Learned a level 1 spell: Sandblast
  4357 | D:4      | Reached skill level 5 in Fighting
  4357 | D:4      | Reached skill level 1 in Earth Magic
  4440 | D:4      | Killed Glaeka's ghost
  4811 | D:5      | Entered Level 5 of the Dungeon
  4844 | D:5      | Found a staircase to the Ecumenical Temple.
  4854 | D:5      | Noticed Prince Ribbit
  4871 | D:5      | Killed Prince Ribbit
  5514 | D:5      | Reached skill level 7 in Bows
  5514 | D:5      | Reached XP level 9. HP: 52/62 MP: 13/15
  5605 | D:5      | Reached skill level 5 in Dodging
  5801 | D:5      | Gained mutation: Your muscles are strong. (Str +2) [potion of mutation]
  5801 | D:5      | Gained mutation: Your flesh is cold resistant. (rC+) [potion of mutation]
  5880 | D:5      | Offered knowledge of Sting by Vehumet.
  5884 | D:5      | Reached ** piety under Vehumet
  6053 | D:5      | Found a hazy altar of Hepliaklqana.
  6055 | D:5      | Found a shadowy altar of Dithmenos.
  6055 | D:5      | Found a shimmering altar of Xom.
  6057 | D:5      | Found a burning altar of Makhleb.
  6057 | D:5      | Found a shimmering altar of Xom.
  6057 | D:5      | Found a sparkling altar of Nemelex Xobeh.
  6556 | D:5      | Learned a level 1 spell: Sting
  6615 | D:6      | Learned a level 3 spell: Portal Projectile
  6619 | D:6      | Learned a level 3 spell: Gell's Gravitas
  6695 | D:6      | Reached skill level 1 in Translocations
  6707 | D:6      | Reached skill level 5 in Spellcasting
  7933 | D:7      | Offered knowledge of Dazzling Spray by Vehumet.
  7937 | D:7      | HP: 2/63 [bullfrog (7)]
  7937 | D:7      | Slain by a bullfrog

Skill      XL: |  1  2  3  4  5  6  7  8  9 |
---------------+----------------------------+-----
Stealth        | 2 3 4 |  4.4
Dodging        | 1 2 3 4 5 |  5.5
Bows           | 5 6 7 |  7.5
Spellcasting   | 1 2 4 5 |  5.5
Fighting       | 4 5 6 |  6.3
Earth Magic    | 2 |  2.4
Translocations | 4 |  4.2
Maces & Flails | |  1.0
Evocations     | |  1.1

Action                   |  1- 3 |  4- 6 |  7- 9 || total
-------------------------+-------+-------+-------++-------
Melee: Mace              |       |     9 |       ||     9
       Constrict         |       |     4 |    35 ||    39
       Tentacles         |       |     3 |    51 ||    54
       Whip              |       |    33 |   227 ||   260
 Fire: Shortbow          |    77 |   153 |   103 ||   333
Throw: Javelin           |       |    11 |    16 ||    27
 Cast: Portal Projectile |       |       |     2 ||     2
       Gell's Gravitas   |       |       |     1 ||     1
  Use: Scroll            |     6 |     3 |    11 ||    20
       Potion            |       |     4 |     9 ||    13
 Stab: Sleeping          |       |     1 |     7 ||     8
       Invisible         |       |       |     3 ||     3
  Eat: Chunk             |       |     2 |     2 ||     4
       Ration            |       |     2 |     5 ||     7
Armor: Skin              |     2 |    21 |    11 ||    34
Dodge: Dodged            |     7 |    72 |   150 ||   229
